 Dungeon Sprint DCSS version 0.31-a0-358-gac0dbeb3ab (webtiles) character file.

Game seed: 16306550801762536822

8882 garrulousMonolith the Covert (level 11, -4/83 HPs)
             Began as an Octopode Shapeshifter on July 25, 2023.
             Was a High Priest of Cheibriados.
             Slain by a demonic crawler (18 damage)
             ... in the Dungeon (Sprint VII: "The Pits").
             The game lasted 00:04:02 (1476 turns).

garrulousMonolith the Covert (OpSh)                 Turns: 1476, Time: 00:04:03

Health: -4/83      AC:  1    Str: 30    XL:     11   Next: 37%
Magic:  14/19      EV: 25    Int: 25    God:    Cheibriados [*****.]
Gold:   0          SH:  0    Dex: 29    Spells: 10/10 levels left

rFire   . . .        n - +2 dagger (elec)
rCold   . . .        (no shield)
rNeg    . . .        (helmet currently unavailable)
rPois   .            (no amulet)
rElec   .            o - +3 ring of dexterity
rCorr   .            p - +3 ring of intelligence
SInv    .            (no ring)
Will    .....        (no ring)
Stlth   ++++++++     (no ring)
HPRegen 0.33/turn    (no ring)
MPRegen 0.16/turn    (no ring)
                     (no ring)

%: no teleportation
@: beast-form, very slow
A: beast (slay +7), almost no armour, amphibious, 8 rings, camouflage 1,
gelatinous body 1, (nimble swimmer 1), tentacles
a: Begin Untransformation, Renounce Religion, Bend Time, Temporal Distortion,
Slouch, Step From Time


You were in the Dungeon.
You worshipped Cheibriados.
Cheibriados was extremely pleased with you.
You were a hulking beast.
You visited 1 branch

Inventory:

Hand Weapons
 l - a +2 trident
 n - a +2 dagger of electrocution (weapon)
 s - a +2 rapier of venom
Missiles
 m - a curare-tipped dart
 t - 3 throwing nets
Jewellery
 o - a +3 ring of dexterity (left tentacle)
 p - a +3 ring of intelligence (right tentacle)
Talismans
 b - a beast talisman
Scrolls
 h - a scroll of blinking
 j - 5 scrolls of amnesia
 k - a scroll of butterflies
Potions
 a - a potion of lignification
 c - 6 potions of curing
 d - 6 potions of heal wounds
 e - a potion of haste
 f - a potion of magic
 g - 4 potions of berserk rage
 i - 2 potions of invisibility
 q - 2 potions of might
 r - 3 potions of resistance


   Skills:
 + Level 11.0 Fighting
 + Level 11.1 Dodging
 + Level 14.6 Stealth
 + Level 11.0 Unarmed Combat
 + Level 11.4 Invocations
 * Level 12.8 Shapeshifting


You had 10 spell levels left.
You didn't know any spells.
Your spell library was empty.

Dungeon Overview and Level Annotations

Branches:
Dungeon (1/1)

Altars:
Ashenzari
Cheibriados
Dithmenos
Elyvilon
Fedhas
Gozag
Hepliaklqana
Kikubaaqudgha
Makhleb
Nemelex Xobeh
Okawaru
Qazlal
Ru
Sif Muna
Trog
Uskayaw
Vehumet
Wu Jian
Xom
Yredelemnul
Zin
The Shining One
Jiyva
Lugonu


Innate Abilities, Weirdness & Mutations

You are a hulking beast.
Your limbs bulge with bestial killing power. (Slay +7)
You cannot wear most types of armour.
You are amphibious.
You can wear up to eight rings at the same time.
Your skin changes colour to match your surroundings (Stealth+).
Your rubbery body absorbs attacks. (AC +1, EV +1)
((You are camouflaged when in or above water. (Stealth+)))
You have tentacles for arms and can constrict up to eight enemies at once.


Message History

Press: ? - help, Dir - look around, f - activate You can feel time thicken for a moment.
Cheibriados lowers the support of your attributes as your movement quickens.
The skeletal warrior misses you.
The skeletal warrior hits you from afar with a +0 trident of venom!
You see here a guardian serpent corpse.
The skeletal warrior hits you with a +0 trident of venom!!
You are poisoned.
A skeletal warrior comes into view. It is wielding a +0 war axe.
The skeletal warrior completely misses you.
You hit the skeletal warrior. Your grab misses the skeletal warrior.
The skeletal warrior is almost destroyed.
You feel very sick.
The skeletal warrior hits you with a +0 trident of venom!!
* * * LOW HITPOINT WARNING * * *
You feel better.
The skeletal warrior completely misses you.
You don't have enough magic at the moment.
Unknown command.
You feel much better.
The skeletal warrior completely misses you.
Magic courses through your body.
The skeletal warrior hits you with a +0 trident of venom!!
* * * LOW HITPOINT WARNING * * *
A skeletal warrior comes into view. It is wielding a +0 hand axe.
The demonic crawler gives a hideous shriek!
Activating: Slouch (1% risk of failure)
Press: ? - help, Dir - look around, f - activate You can feel time thicken for a moment.
You destroy the skeletal warrior!
Cheibriados thoroughly appreciates the change of pace.
Cheibriados lowers the support of your attributes as your movement quickens.
Something misses you. The demonic crawler misses you.
The demonic crawler barely misses you. x2
Your Fighting skill increases to level 11!
Your Unarmed Combat skill increases to level 11!
Something misses you.
The demonic crawler completely misses you.
The demonic crawler hits you!!
You die...

.....##..# ..† ...
.....##..# #†# ...
.<...##..# ##)## ..#
.....##.÷# ##...## .)#
.....##..####.....##)##
.....##...##......#...#.#
#######....'.)[..)z...'z'
#######...##.....s#...#
#..[[##..####...h.# .##
#..[[##..##.##...##...#
'..))##..##..##)##.....
#...)##..###..#'#......
#..))##..# ##.[[...#
######### ########


You could see a skeletal warrior and a demonic crawler.

Vanquished Creatures
  Harold (D)
  A skeletal warrior (D)
  A shadow wraith (D)
  2 deep trolls (D)
  A lindwurm (D)
  An orc knight (D)
  An elephant (D)
  A guardian serpent (D)
  A komodo dragon (D)
  A guardian mummy (D)
  A tarantella (D)
  A troll (D)
  5 blink frogs (D)
  Prince Ribbit (D)
  2 flying skulls (D)
  9 yaks (D)
  A fire bat (D)
  A redback (D)
  2 floating eyes (D)
  A water moccasin (D)
  An orc warrior (D)
  A kobold brigand (D)
  A jelly (D)
  A gnoll bouda (D)
  2 iron imps (D)
  Jessica (D)
  2 orc wizards (D)
  4 gnolls (D)
  A river rat (D)
  An adder (D)
  2 white imps (D)
  An adder skeleton (D)
  A worm (D)
  2 orcs (D)
  A ball python (D)
  A bat skeleton (D)
  A giant cockroach (D)
  A goblin (D)
  3 jackals (D)
  A kobold (D)
  A rat (D)
65 creatures vanquished.

Notes
Turn   | Place    | Note
-------+----------+-------------------------------------------
     0 | D        | garrulousMonolith the Octopode Shapeshifter began the quest
                  | for the Orb.
     0 | D        | Reached XP level 1. HP: 13/13 MP: 1/1
    53 | D        | Found a glowing golden altar of the Shining One.
    53 | D        | Found a glowing silver altar of Zin.
    53 | D        | Found a basalt altar of Yredelemnul.
    53 | D        | Found a shimmering altar of Xom.
    53 | D        | Found an ornate altar of the Wu Jian Council.
    53 | D        | Found a bloodstained altar of Trog.
    53 | D        | Found a shimmering blue altar of Sif Muna.
    53 | D        | Found a sacrificial altar of Ru.
    53 | D        | Found a stormy altar of Qazlal.
    53 | D        | Found an iron altar of Okawaru.
    53 | D        | Found a sparkling altar of Nemelex Xobeh.
    53 | D        | Found a burning altar of Makhleb.
    53 | D        | Found a viscous altar of Jiyva.
    53 | D        | Found a hazy altar of Hepliaklqana.
    53 | D        | Found an opulent altar of Gozag.
    53 | D        | Found a blossoming altar of Fedhas.
    53 | D        | Found a white marble altar of Elyvilon.
    53 | D        | Found a shadowy altar of Dithmenos.
    53 | D        | Found a snail-covered altar of Cheibriados.
    54 | D        | Found a radiant altar of Vehumet.
    54 | D        | Found a corrupted altar of Lugonu.
    55 | D        | Found a hide-covered altar of Uskayaw.
    55 | D        | Found an ancient bone altar of Kikubaaqudgha.
    55 | D        | Found a broken altar of Ashenzari.
    63 | D        | Became a worshipper of Cheibriados the Contemplative
    78 | D        | Noticed a floating eye
    84 | D        | Killed a floating eye
    85 | D        | Reached skill level 4 in Stealth
    85 | D        | Reached skill level 5 in Shapeshifting
    85 | D        | Reached XP level 2. HP: 15/21 MP: 1/4
    85 | D        | Reached XP level 3. HP: 19/26 MP: 1/5
    85 | D        | Reached XP level 4. HP: 22/31 MP: 1/6
   137 | D        | Reached * piety under Cheibriados
   141 | D        | Reached ** piety under Cheibriados
   143 | D        | Reached XP level 5. HP: 33/36 MP: 7/7
   154 | D        | Noticed a floating eye
   154 | D        | Noticed a kobold brigand
   158 | D        | Killed a floating eye
   159 | D        | Reached skill level 6 in Stealth
   159 | D        | Reached skill level 5 in Unarmed Combat
   160 | D        | Reached *** piety under Cheibriados
   167 | D        | Killed a kobold brigand
   167 | D        | Reached **** piety under Cheibriados
   168 | D        | Reached skill level 5 in Dodging
   168 | D        | Reached XP level 6. HP: 28/45 MP: 9/9
   369 | D        | Noticed a fire bat
   370 | D        | Noticed a water moccasin
   370 | D        | Noticed Prince Ribbit
   372 | D        | Killed a water moccasin
   372 | D        | Killed a fire bat
   372 | D        | Reached ***** piety under Cheibriados
   372 | D        | Killed Prince Ribbit
   373 | D        | Reached skill level 8 in Stealth
   373 | D        | Reached XP level 7. HP: 53/53 MP: 4/11
   377 | D        | Noticed a flying skull
   380 | D        | Killed a flying skull
   381 | D        | Reached skill level 9 in Stealth
   381 | D        | Reached XP level 8. HP: 51/58 MP: 0/13
   483 | D        | Noticed a lindwurm
   486 | D        | Killed a lindwurm
   595 | D        | Noticed Jessica
   597 | D        | Killed Jessica
   598 | D        | Reached skill level 10 in Stealth
   654 | D        | Noticed a yak
   654 | D        | Noticed a yak
   654 | D        | Noticed a yak
   654 | D        | Noticed a yak
   654 | D        | Noticed a yak
   654 | D        | Noticed a yak
   656 | D        | Killed a yak
   656 | D        | Killed a yak
   656 | D        | Killed a yak
   657 | D        | Reached XP level 9. HP: 66/66 MP: 3/15
   659 | D        | Reached skill level 11 in Stealth
   660 | D        | Reached ****** piety under Cheibriados
   927 | D        | Noticed a guardian mummy
   930 | D        | Reached skill level 10 in Shapeshifting
   933 | D        | Killed a shadow wraith
   938 | D        | Killed a guardian mummy
   939 | D        | Reached skill level 12 in Stealth
   949 | D        | Reached XP level 10. HP: 52/74 MP: 3/17
  1041 | D        | Noticed Harold
  1041 | D        | Noticed a deep troll
  1046 | D        | Killed a deep troll
  1047 | D        | Reached skill level 10 in Dodging
  1047 | D        | Reached skill level 13 in Stealth
  1047 | D        | Reached skill level 10 in Invocations
  1051 | D        | Killed Harold
  1052 | D        | Reached skill level 10 in Fighting
  1052 | D        | Reached skill level 10 in Unarmed Combat
  1241 | D        | Noticed an orc knight
  1246 | D        | Killed an orc knight
  1248 | D        | Reached XP level 11. HP: 48/82 MP: 2/19
  1446 | D        | Noticed a deep troll
  1456 | D        | Killed a deep troll
  1457 | D        | Reached skill level 14 in Stealth
  1461 | D        | Noticed a skeletal warrior
  1467 | D        | Noticed a demonic crawler
  1470 | D        | Noticed a skeletal warrior
  1474 | D        | Noticed a skeletal warrior
  1475 | D        | Killed a skeletal warrior
  1476 | D        | Slain by a demonic crawler

Illustrated notes

Levels and vault maps discovered:
D:        pitsprint [storerooms_1, entrance_room_1, metal_vault_3, armoury_2,
          mini_pit_1, grid_room_1, main_hall_1, silver_pit, the_coven_3,
          the_vestibule_1, steel_vault_4, golden_pit, hallway_of_sentries,
          crystal_vault_5, iron_vault_2, final_vault]

Skill      XL: |  1  2  3  4  5  6  7  8  9 10 11 |
---------------+----------------------------------+-----
Fighting       | 3 4 6 7 9 10 11 | 11.0
Dodging        | 3 4 5 6 8 9 10 11 | 11.1
Stealth        | 4 6 8 9 10 12 13 14 | 14.6
Unarmed Combat | 4 5 6 7 8 9 10 11 | 11.0
Invocations    | 3 4 6 8 9 10 11 | 11.4
Shapeshifting  | 5 6 7 8 9 10 12 | 12.8

Action                     |  1- 3 |  4- 6 |  7- 9 | 10-12 || total
---------------------------+-------+-------+-------+-------++-------
  Melee: Unarmed           |     5 |    16 |       |       ||    21
         Tentacles         |     1 |     4 |     3 |     7 ||    15
         Constrict         |     1 |     2 |     4 |     5 ||    12
         Punch             |       |     2 |     3 |       ||     5
         Dagger            |       |       |    21 |    23 ||    44
 Invoke: Slouch            |       |     1 |     7 |    15 ||    23
    Use: Potion            |       |       |       |    10 ||    10
   Stab: Sleeping          |     1 |     1 |     3 |       ||     5
 Armour: Skin              |       |       |       |     2 ||     2
  Dodge: Dodged            |       |    11 |    18 |    39 ||    68

Table legend: (Time is in decaauts)
 A = Elapsed time spent in this place.
 B = Non-inter-level travel time spent in this place.
 C = Inter-level travel time spent in this place.
 D = Time resting spent in this place.
 E = Time spent auto-exploring this place.
 F = Levels seen in this place.
 G = Mean time per level.
                   A        B        C        D        E       F      G
               +--------+--------+--------+--------+--------+-----+--------+
         Total |   1645 |   1645 |      0 |   1094 |      0 |   1 | 1645.0 |
       Dungeon |   1645 |   1645 |      0 |   1094 |      0 |   1 | 1645.0 |
               +--------+--------+--------+--------+--------+-----+--------+

Top non-repeatable levels by time:
       D: 1645 daAuts
